 Dungeon Crawl Stone Soup version 0.31-a0-986-g5e6e4ef867 (webtiles) character file.

Game seed: 9341128868470789387

2271 Firecrotchwizard the Thrower (level 9, -1/54 (65) HPs)
             Began as a Gnoll Wanderer on Nov 23, 2023.
             Was a Priest of Okawaru.
             Slain by a wight
             ... wielding a +3 halberd
              (4 damage)
             ... on level 7 of the Dungeon.
             The game lasted 00:21:14 (4890 turns).

Firecrotchwizard the Thrower (Gnoll Wanderer)       Turns: 4890, Time: 00:21:15

HP:   -1/54 (65)    AC: 13    Str: 10    XL:     9   Next: 38%
MP:   16/16         EV: 11    Int: 20    God:    Okawaru [***...]
Gold: 232           SH:  0    Dex: 15    Spells: 12/18 levels left

rFire   . . .        t - +2 dagger (venom)
rCold   . . .        (no shield)
rNeg    . . .        C - +3 ring mail {rPois}
rPois   +            i - +0 helmet
rElec   .            (no cloak)
rCorr   .            j - +2 pair of gloves
SInv    .            (no boots)
Will    .....        n - amulet of regeneration
Stlth   ++           m - +6 ring of intelligence
HPRegen 1.09/turn    (no ring)
MPRegen 0.15/turn

%: no passive effects
@: heavily drained
A: fangs 1, strong nose, distributed training
a: Renounce Religion, Heroism


You were on level 7 of the Dungeon.
You worshipped Okawaru.
Okawaru was most pleased with you.
You visited 2 branches of the dungeon, and saw 8 of its levels.

You collected 505 gold pieces.
You spent 273 gold pieces at shops.

Inventory:

Hand Weapons
 s - a +2 dagger
 t - a +2 dagger of venom (weapon)
Missiles
 b - 3 curare-tipped darts (quivered)
 k - 4 poisoned darts
 x - 4 javelins
Armour
 e - a +0 robe
 i - a +0 helmet (worn)
 j - a +2 pair of gloves (worn)
 p - a +3 leather armour
 C - a +3 ring mail of poison resistance (worn)
Jewellery
 m - a +6 ring of intelligence (left hand)
 n - an amulet of regeneration (around neck)
 D - a ring of fire
 E - a ring of poison resistance
Wands
 a - a wand of iceblast (7)
 c - a wand of flame (1)
 B - a wand of mindburst (15)
 F - a wand of digging (4)
Scrolls
 d - a scroll of fear
 f - a scroll of fog
 q - a scroll of immolation
Potions
 g - 2 potions of mutation
 h - a potion of berserk rage {unknown}
 l - a potion of brilliance {unknown}
 o - 3 potions of heal wounds
 u - a potion of magic {unknown}
 w - 2 potions of might
 z - 2 potions of curing
 A - a potion of degeneration {unknown}
 H - 2 potions of attraction {unknown}
 I - a potion of invisibility {unknown}


   Skills:
 + Level 4.2 Fighting
 + Level 4.2 Short Blades
 + Level 4.2 Long Blades
 + Level 4.2 Axes
 + Level 4.2 Maces & Flails
 + Level 4.2 Polearms
 + Level 4.2 Staves
 + Level 4.2 Ranged Weapons
 + Level 9.6 Throwing
 + Level 4.2 Armour
 + Level 4.2 Dodging
 + Level 4.2 Stealth
 + Level 4.2 Shields
 + Level 4.2 Unarmed Combat
 + Level 5.2 Spellcasting
 + Level 8.0 Conjurations
 + Level 3.5 Hexes
 + Level 3.5 Summonings
 + Level 3.5 Necromancy
 + Level 3.5 Translocations
 + Level 3.5 Transmutations
 + Level 3.5 Fire Magic
 + Level 3.5 Ice Magic
 + Level 3.5 Air Magic
 + Level 3.5 Earth Magic
 + Level 3.5 Poison Magic
 + Level 4.7 Invocations
 + Level 5.0 Evocations
 + Level 3.9 Shapeshifting


You had 12 spell levels left.
You knew the following spells:

 Your Spells              Type           Power      Damage    Failure   Level
a - Blink                 Tloc           38%        N/A       10%         2
b - Momentum Strike       Conj/Tloc      56%        3d9       3%          2
c - Static Discharge      Conj/Air       56%        3-6/arc   3%          2

Your spell library contained the following spells:

 Spells                   Type           Power      Damage    Failure   Level
 Freeze                   Ice            76%        1d8       6%          1
 Hailstorm                Conj/Ice       28%        3d8       8%          3
 Frozen Ramparts          Ice            38%        1d6       19%         3
 Gell's Gravitas          Tloc           19%        N/A       19%         3
 Teleport Other           Tloc           19%        N/A       19%         3
 Manifold Assault         Tloc           19%        N/A       54%         4
 Dispersal                Tloc           9%         N/A       100%        6


Dungeon Overview and Level Annotations

Branches:
Dungeon (7/15)             Temple (1/1) D:4

Altars:
Ashenzari
Cheibriados
Elyvilon
Fedhas
Gozag
Hepliaklqana
Makhleb
Okawaru
Ru
Uskayaw
Xom
Yredelemnul
The Shining One

Shops:
D:6 *

Annotations:
D:2 1 runed translucent door, Crazy Yiuf, Sigmund
D:3 2 runed translucent doors
D:5 1 runed translucent door, exclusion: ogre, whatisthis's ghost, novice DrSh


Innate Abilities, Weirdness & Mutations

You have very sharp teeth.
Your uncanny sense of smell can sniff out nearby items.
Your experience applies equally to all skills.


Message History

The wight hits you from afar with a +3 halberd.
You feel drained.
You hit the wight but do no damage. Your bite misses the wight.
The wight is moderately damaged.
The wight hits you with a +0 scimitar.
You feel drained. The wight barely misses you.
You hit the wight but do no damage. You bite the wight, but do no damage.
The wight is moderately damaged.
The wight barely misses you.
There is an open door here.
The wight closely misses you.
Okay, then.
The wight hits you with a +3 halberd.
You hit the wight but do no damage. You hit the wight.
You bite the wight, but do no damage.
The wight is lightly damaged.
The wight hits you with a +3 halberd!
You feel drained.
You hit the wight but do no damage.
The wight is lightly damaged.
The wight closely misses you.
You hit the wight but do no damage.
The wight is lightly damaged.
The wight barely misses you.
You hit the wight but do no damage. You bite the wight, but do no damage.
The wight is lightly damaged.
The wight hits you with a +3 halberd.
You hit the wight but do no damage. Your bite misses the wight.
The wight is lightly damaged.
You hit the wight. You bite the wight, but do no damage.
The wight is heavily damaged.
The wight hits you with a +3 halberd.
You hit the wight but do no damage. Your punch misses the wight.
The wight is heavily damaged.
The wight hits you with a +3 halberd!
* * * LOW HITPOINT WARNING * * *
You hit the wight but do no damage.
The wight is heavily damaged.
The wight barely misses you.
You hit the wight but do no damage. You bite the wight, but do no damage.
The wight is heavily damaged.
The wight hits you with a +3 halberd!
* * * LOW HITPOINT WARNING * * *
You closely miss the wight. Your bite misses the wight.
The wight is heavily damaged.
You hit the wight but do no damage. Your punch misses the wight.
The wight is heavily damaged.
The wight hits you with a +3 halberd.
* * * LOW HITPOINT WARNING * * *
You hit the wight but do no damage. Your bite misses the wight.
The wight is moderately damaged.
The wight barely misses you.
You hit the wight but do no damage.
The wight is moderately damaged.
The wight hits you with a +3 halberd.
* * * LOW HITPOINT WARNING * * *
You feel drained.
You barely miss the wight.
The wight is moderately damaged.
The wight hits you but does no damage.
You barely miss the wight. You punch the wight, but do no damage.
The wight is moderately damaged.
You hit the wight but do no damage.
The wight is moderately damaged.
The wight hits you with a +3 halberd!
* * * LOW HITPOINT WARNING * * *
You feel drained.
* * * LOW HITPOINT WARNING * * *
You hit the wight but do no damage.
The wight is moderately damaged.
The wight hits you with a +3 halberd.
* * * LOW HITPOINT WARNING * * *
You closely miss the wight.
The wight is moderately damaged.
The wight hits you but does no damage.
You hit the wight but do no damage.
The wight is moderately damaged.
The wight barely misses you.
Unknown command.
You hit the wight. Your bite misses the wight.
The wight is heavily damaged.
You closely miss the wight.
The wight is heavily damaged.
The wight hits you but does no damage.
You hit the wight but do no damage.
The wight is heavily damaged.
The wight hits you with a +3 halberd.
* * * LOW HITPOINT WARNING * * *
You feel drained.
You closely miss the wight.
The wight is heavily damaged.
The wight hits you with a +3 halberd.
* * * LOW HITPOINT WARNING * * *
You feel drained.
* * * LOW HITPOINT WARNING * * *
You barely miss the wight.
The wight is heavily damaged.
You hit the wight.
The wight is heavily damaged.
The wight hits you with a +3 halberd.
You die...

#..# #.#.##...###.
##########..# #.#.##...##..
#........z..#### #.#.##.......
.#'###'#z.....####)#)##.......
#.....##.......)..)..........
#.≈≈≈.###.##z####.)))...)...#
#....z###.##z# #####.).....#
+.._..'.#.##z# #.........##
#.....#.#.##@# #.####...##
#.≈≈≈.#...##.# ##.## #####
#.....# ####.####...#####
#+###'# #............# ...
..####..[###.# ... ### ##.##
#.# ..## #.# #.# ##.# #.#
#...###.#####


You could see 3 wights.

Vanquished Creatures
  A water moccasin (D:6)
  2 black bears
  2 ice beasts (D:6)
  3 orc warriors
  2 ogres
  A phantom (D:7)
  A bullfrog (D:6)
  2 scorpions
  5 killer bees (D:5)
  A howler monkey (D:6)
  A quasit (D:4)
  3 orc priests
  A jelly (D:6)
  4 hounds
  A sleepcap (D:6)
  Ijyb (D:4)
  4 orc wizards
  Natasha (twice) (D:4)
  Terence (D:2)
  An iguana (D:6)
  4 gnolls (D:4)
  8 adders
  3 shadow imps
  3 white imps
  An ufetubus (D:4)
  3 worms
  4 dart slugs
  26 orcs
  10 endoplasms
  5 giant cockroaches
  10 hobgoblins
  2 quokkas
  8 ball pythons
  7 bats
  4 frilled lizards (D:1)
  6 goblins
  10 kobolds
  7 rats
160 creatures vanquished.

Notes
Turn   | Place    | Note
-------+----------+-------------------------------------------
     0 | D:1      | Firecrotchwizard the Gnoll Wanderer began the quest for the
                  | Orb.
     0 | D:1      | Firecrotchwizard set off with the following items: 3
                  | curare-tipped darts, a wand of flame (4), a scroll of fear,
                  | a +0 robe, a +2 dagger; and the following spells available
                  | to memorise: Momentum Strike, Static Discharge.
     0 | D:1      | Reached XP level 1. HP: 13/13 MP: 4/4
    92 | D:1      | Reached XP level 2. HP: 16/19 MP: 5/5
   359 | D:1      | Reached XP level 3. HP: 18/25 MP: 7/7
   373 | D:1      | Learned a level 2 spell: Blink
   376 | D:1      | Learned a level 2 spell: Momentum Strike
   379 | D:1      | Learned a level 2 spell: Static Discharge
   600 | D:2      | Noticed Terence
   604 | D:2      | Killed Terence
   605 | D:2      | Reached skill level 1 in Fighting
   605 | D:2      | Reached skill level 1 in Short Blades
   605 | D:2      | Reached skill level 1 in Long Blades
   605 | D:2      | Reached skill level 1 in Axes
   605 | D:2      | Reached skill level 1 in Maces & Flails
   605 | D:2      | Reached skill level 1 in Polearms
   605 | D:2      | Reached skill level 1 in Staves
   605 | D:2      | Reached skill level 1 in Ranged Weapons
   605 | D:2      | Reached skill level 1 in Armour
   605 | D:2      | Reached skill level 1 in Dodging
   605 | D:2      | Reached skill level 1 in Stealth
   605 | D:2      | Reached skill level 1 in Shields
   605 | D:2      | Reached skill level 1 in Unarmed Combat
   605 | D:2      | Reached skill level 1 in Invocations
   605 | D:2      | Reached XP level 4. HP: 32/32 MP: 8/8
   613 | D:2      | Reached skill level 1 in Shapeshifting
   745 | D:2      | Noticed Sigmund
  1054 | D:2      | Reached skill level 1 in Hexes
  1054 | D:2      | Reached skill level 1 in Summonings
  1054 | D:2      | Reached skill level 1 in Necromancy
  1054 | D:2      | Reached skill level 1 in Translocations
  1054 | D:2      | Reached skill level 1 in Transmutations
  1054 | D:2      | Reached skill level 1 in Fire Magic
  1054 | D:2      | Reached skill level 1 in Ice Magic
  1054 | D:2      | Reached skill level 1 in Air Magic
  1054 | D:2      | Reached skill level 1 in Earth Magic
  1054 | D:2      | Reached skill level 1 in Poison Magic
  1263 | D:2      | Found a runed translucent door.
  1264 | D:2      | Noticed Crazy Yiuf
  1641 | D:3      | Identified the +3 plate armour "Vef Guas" {Dex+3}
  1669 | D:3      | Reached XP level 5. HP: 37/37 MP: 9/9
  1702 | D:3      | Found a runed translucent gate.
  1702 | D:3      | Found a runed translucent gate.
  1713 | D:3      | You fall into a shaft and drop 1 floor!
  1758 | D:4      | Noticed Natasha
  1768 | D:4      | Killed Natasha
  1922 | D:4      | Reached XP level 6. HP: 31/44 MP: 9/11
  1979 | D:4      | Noticed Natasha
  1992 | D:4      | Killed Natasha
  2088 | D:4      | Found a staircase to the Ecumenical Temple.
  2134 | Temple   | Entered the Ecumenical Temple
  2144 | Temple   | Became a worshipper of Warmaster Okawaru
  2193 | D:4      | Noticed Ijyb
  2214 | D:4      | Killed Ijyb
  2253 | D:4      | Noticed a black bear
  2269 | D:4      | Killed a black bear
  2270 | D:4      | Reached XP level 7. HP: 20/51 MP: 12/12
  2543 | D:5      | Entered Level 5 of the Dungeon
  2697 | D:5      | Found a runed translucent door.
  2701 | D:5      | Noticed whatisthis's ghost (novice DrSh)
  3009 | D:5      | Reached skill level 9 in Throwing
  3016 | D:5      | Reached * piety under Okawaru
  3037 | D:5      | Reached XP level 8. HP: 38/57 MP: 14/14
  3577 | D:6      | Found Nahin's General Store.
  3585 | D:6      | Bought a wand of digging (5) for 273 gold pieces
  3995 | D:6      | Reached ** piety under Okawaru
  4117 | D:6      | Reached XP level 9. HP: 40/65 MP: 16/16
  4240 | D:6      | Found a glowing golden altar of the Shining One.
  4431 | D:7      | Reached skill level 5 in Spellcasting
  4680 | D:7      | Reached skill level 5 in Evocations
  4682 | D:7      | Reached *** piety under Okawaru
  4834 | D:7      | Found a hazy altar of Hepliaklqana.
  4888 | D:7      | HP: 1/54 [wight/+3 halberd (2)]
  4890 | D:7      | Slain by a wight

Illustrated notes

Levels and vault maps discovered:
D:1:      onia_arrival_handbag, layout_basic, st_stairs_11
D:2:      layout_loops_cross, uniq_sigmund, uniq_crazy_yiuf_cottage,
          uniq_terence
D:3:      layout_basic, gammafunk_ghost_necromancy
D:4:      layout_loops_ring, minmay_temple_entry_junction_2, serial_demonic,
          serial_demonic_a, serial_demonic_c, serial_demonic_g,
          serial_demonic_f, uniq_ijyb, uniq_natasha
D:5:      layout_loops_corners, ebering_ghost_reflecting_pool,
          due_unseen_surprise
D:6:      layout_rooms, tso_metal_star, serial_shops, shop,
          minmay_gold_behind_fungi
D:7:      layout_loops_ring, mainiacjoe_overflow_six_doors_small,
          chequers_temple_overflow_minitemple, ebering_ghost_rock_garden
Temple:   jpeg_temple_clearing

Skill      XL: |  1  2  3  4  5  6  7  8  9 |
---------------+----------------------------+-----
Fighting       | 1 2 3 4 |  4.2
Short Blades   | 1 2 3 4 |  4.2
Long Blades    | 1 2 3 4 |  4.2
Axes           | 1 2 3 4 |  4.2
Maces & Flails | 1 2 3 4 |  4.2
Polearms       | 1 2 3 4 |  4.2
Staves         | 1 2 3 4 |  4.2
Ranged Weapons | 1 2 3 4 |  4.2
Armour         | 1 2 3 4 |  4.2
Dodging        | 1 2 3 4 |  4.2
Stealth        | 1 2 3 4 |  4.2
Shields        | 1 2 3 4 |  4.2
Unarmed Combat | 1 2 3 4 |  4.2
Invocations    | 1 2 3 4 |  4.7
Shapeshifting  | 1 2 3 |  3.9
Spellcasting   | 3 4 5 |  5.2
Hexes          | 1 2 3 |  3.5
Summonings     | 1 2 3 |  3.5
Necromancy     | 1 2 3 |  3.5
Translocations | 1 2 3 |  3.5
Transmutations | 1 2 3 |  3.5
Fire Magic     | 1 2 3 |  3.5
Ice Magic      | 1 2 3 |  3.5
Air Magic      | 1 2 3 |  3.5
Earth Magic    | 1 2 3 |  3.5
Poison Magic   | 1 2 3 |  3.5
Evocations     | 3 4 5 |  5.0
Throwing       | 9 |  9.6
Conjurations   | 8 |  8.0

Action                     |  1- 3 |  4- 6 |  7- 9 || total
---------------------------+-------+-------+-------++-------
  Melee: Dagger            |    80 |   281 |   321 ||   682
         Bite              |     6 |    28 |    53 ||    87
         Punch             |     1 |     6 |    11 ||    18
  Throw: Dart              |     2 |       |    21 ||    23
         Javelin           |       |     3 |     1 ||     4
   Cast: Static Discharge  |       |     1 |       ||     1
  Evoke: Wand              |       |       |    23 ||    23
    Use: Scroll            |       |       |    14 ||    14
   Stab: Sleeping          |     1 |     5 |     2 ||     8
 Armour: Robe              |    40 |     5 |       ||    45
         Leather armour    |       |   228 |       ||   228
         Ring mail         |       |    22 |   198 ||   220
  Dodge: Dodged            |    35 |   183 |   130 ||   348

Table legend: (Time is in decaauts)
 A = Elapsed time spent in this place.
 B = Non-inter-level travel time spent in this place.
 C = Inter-level travel time spent in this place.
 D = Time resting spent in this place.
 E = Time spent auto-exploring this place.
 F = Levels seen in this place.
 G = Mean time per level.
                   A        B        C        D        E       F      G
               +--------+--------+--------+--------+--------+-----+--------+
         Total |   4800 |   4485 |    315 |    146 |   3018 |   8 |  600.0 |
       Dungeon |   4780 |   4484 |    296 |    146 |   3018 |   7 |  682.9 |
        Temple |     20 |      1 |     19 |      0 |      0 |   1 |   20.0 |
               +--------+--------+--------+--------+--------+-----+--------+

Top non-repeatable levels by time:
     D:5: 1111 daAuts
     D:2: 833 daAuts
     D:4: 793 daAuts
     D:6: 697 daAuts
     D:1: 597 daAuts
     D:7: 475 daAuts
     D:3: 271 daAuts
  Temple: 20 daAuts
